 Dungeon Crawl Stone Soup version 0.27.0-1-g7a089689b8 (webtiles) character file.

Game seed: 568427749246613717

3483 Spaninq the Carver (level 9, -5/71 HPs)
             Began as a Demonspawn Monk on Aug 8, 2021.
             Was a Priest of Makhleb.
             Slain by a boulder beetle (26 damage)
             ... on level 8 of the Dungeon.
             The game lasted 00:16:11 (7540 turns).

Spaninq the Carver (Demonspawn Monk)                Turns: 7540, Time: 00:16:12

Health: -5/71      AC:  9    Str: 20    XL:     9   Next: 79%
Magic:  14/14      EV: 10    Int: 13    God:    Makhleb [***...]
Gold:   295        SH:  0    Dex: 15    Spells: 8/8 levels left

rFire    . . .     SeeInvis .   q - +2 long sword (elec)
rCold    . . .     Faith    .   (no shield)
rNeg     . . .     Spirit   .   h - +0 chain mail
rPois    .         Reflect  .   (helmet unavailable)
rElec    .         Harm     .   (no cloak)
rCorr    .         Rampage  .   (no gloves)
Will     .....                  (no boots)
Stlth    ..........             p - amulet of regeneration
HPRegen  1.21/turn              y - +6 ring of strength
MPRegen  0.14/turn              (no ring)

@: studying Invocations
A: claws 1, horns 3, powered by death 1, spiny 1
a: Renounce Religion, Minor Destruction, Lesser Servant of Makhleb


You were on level 8 of the Dungeon.
You worshipped Makhleb.
Makhleb was most pleased with you.
You visited 2 branches of the dungeon, and saw 9 of its levels.

You collected 360 gold pieces.
You spent 65 gold pieces at shops.

Inventory:

Hand Weapons
 k - a +5 falchion
 q - a +2 long sword of electrocution (weapon)
Armour
 h - a +0 chain mail (worn)
Jewellery
 j - a ring of fire
 p - an amulet of regeneration (around neck)
 y - a +6 ring of strength (left claw)
Wands
 m - a wand of acid (3)
 w - a wand of iceblast (10)
Scrolls
 b - 4 scrolls of teleportation
 d - a scroll of blinking
Potions
 c - a potion of mutation {unknown}
 e - a potion of magic
 f - a potion of haste {unknown}
 g - a potion of cancellation {unknown}
 i - 2 potions of curing {unknown}
 n - 2 potions of degeneration {unknown}
 s - 2 potions of brilliance {unknown}


   Skills:
 + Level 6.6 Fighting
 * Level 8.1 Long Blades
 + Level 5.1 Armour
 + Level 6.0 Dodging
 - Level 2.0 Stealth
 + Level 7.9 Invocations


You had 8 spell levels left.
You didn't know any spells.
Your spell library contained the following spells:

 Spells                   Type           Power      Damage    Failure   Level
 Animate Skeleton         Necr           0%         N/A       96%         1
 Pain                     Necr           0%         1d4       96%         1
 Passwall                 Tmut/Erth      0%         N/A       99%         2
 Gell's Gravitas          Tloc           0%         N/A       100%        3
 Swiftness                Air            0%         N/A       100%        3
 Teleport Other           Tloc           0%         N/A       100%        3
 Vampiric Draining        Necr           0%         2d6       100%        3
 Cause Fear               Hex            0%         N/A       100%        4
 Dispersal                Tloc           0%         N/A       100%        6
 Invisibility             Hex            0%         N/A       100%        6
 Dragon Form              Tmut           0%         N/A       100%        7
 Dragon's Call            Summ           0%         N/A       100%        9


Dungeon Overview and Level Annotations

Branches:
Dungeon (8/15)             Temple (1/1) D:4
   Lair: D:8-11

Altars:
Ashenzari
Cheibriados
Dithmenos
Elyvilon
Fedhas
Gozag
Hepliaklqana
Kikubaaqudgha
Makhleb
Nemelex Xobeh
Qazlal
Ru
Sif Muna
Trog
Vehumet
Wu Jian
Xom
Yredelemnul
The Shining One

Shops:
D:5 **   D:6 (

Annotations:
D:2 Terence


Innate Abilities, Weirdness & Mutations

You have sharp fingernails.
You have a pair of large horns on your head.
You regenerate a little health from kills.
You are partially covered in sharp spines.


Message History

You hit the orc. You headbutt the orc, but do no damage.
The orc is heavily wounded.
The orc barely misses you.
You barely miss the orc. You headbutt the orc, but do no damage.
The orc is heavily wounded.
The orc closely misses you.
You hit the orc. Lightning courses through the orc!!
You kill the orc!
Makhleb accepts your kill.
You feel better.
Items here: )))) [[ †††.
Okay, then.
There is an escape hatch in the ceiling here.
Things that are here:
a +0 whip; 5 boomerangs
Things that are here:
a +0 flail; a +0 chain mail
Things that are here:
a +1 dagger of draining; a +0 robe; an orc corpse
Found a stone staircase leading down.
A boulder beetle comes into view.
The boulder beetle leaps!
The boulder beetle moves out of view.
A boulder beetle is nearby!
The boulder beetle curls into a ball and begins rolling!
The boulder beetle hits you!!!
Ouch! That really hurt!
* * * LOW HITPOINT WARNING * * *
The boulder beetle stops rolling and uncurls.
You feel much better. The boulder beetle bites you!
* * * LOW HITPOINT WARNING * * *
A demon appears!
The boulder beetle waves its antennae.
The boulder beetle bites you.
* * * LOW HITPOINT WARNING * * *
Your hellwing hits the boulder beetle.
Your hellwing hits the boulder beetle but does no damage.
The boulder beetle curls into a ball and begins rolling!
Your hellwing hits the boulder beetle but does no damage. x2
The boulder beetle hits you!!
You die...

... #.# # ... ... ### #.#
#.. #.# ####.## ##.##
#.....### #########...#
#.>...@.# #.....##.....
......#°4#B###.###.##..).)
##.#. ##°○.......#.##.....
# #......#.#.....#...#
....###.#.#.....#.#####
#...# #.#.#######.# .....
..#.# #.# .#.# ####.# ...
... #.# #.#


You could see a boulder beetle (rolling) and a friendly hellwing (summoned).

Vanquished Creatures
  A harpy (shapeshifter) (D:8)
  Prince Ribbit (D:8)
  Menkaure (D:5)
  3 water moccasins
  An acid dragon (D:8)
  A sky beast (D:6)
  4 orc warriors
  2 black bears
  2 ogres
  2 centaurs
  2 phantoms
  A kobold brigand (D:7)
  A bullfrog (D:7)
  A water moccasin skeleton (D:4)
  4 wights (D:8)
  A centaur zombie (D:7)
  3 hounds
  A centaur skeleton (D:7)
  3 jellies
  2 orc priests
  5 orc wizards
  5 iguanas
  Ijyb (D:2)
  3 gnolls (D:5)
  8 adders
  2 white imps
  2 worms (D:2)
  7 dart slugs
  22 orcs
  11 bats
  7 endoplasms
  3 giant cockroaches
  11 goblins
  7 hobgoblins
  7 jackals
  4 quokkas
  8 ball pythons
  2 frilled lizards (D:1)
  16 kobolds
  7 rats
175 creatures vanquished.

Vanquished Creatures (others)
  An orc (D:6)
  9 fungi (D:5)
10 creatures vanquished.

Grand Total: 185 creatures vanquished

Notes
Turn   | Place    | Note
-------+----------+-------------------------------------------
     0 | D:1      | Spaninq the Demonspawn Monk began the quest for the Orb.
     0 | D:1      | Reached XP level 1. HP: 18/18 MP: 1/1
   271 | D:1      | Gained mutation: You are partially covered in sharp spines.
                  | [demonic ancestry]
   271 | D:1      | Reached XP level 2. HP: 21/24 MP: 2/2
   403 | D:1      | Reached skill level 3 in Long Blades
   620 | D:1      | Gained mutation: You have a pair of small horns on your
                  | head. [demonic ancestry]
   620 | D:1      | Reached XP level 3. HP: 27/29 MP: 3/3
  1312 | D:2      | Reached skill level 1 in Armour
  2068 | D:3      | Found a bloodstained altar of Trog.
  2071 | D:3      | Noticed Terence
  2479 | D:3      | Gained mutation: You regenerate a little health from kills.
                  | [demonic ancestry]
  2479 | D:3      | Reached XP level 4. HP: 35/35 MP: 4/4
  2619 | D:3      | Found a snail-covered altar of Cheibriados.
  2861 | D:3      | Noticed Ijyb
  2922 | D:2      | Killed Ijyb
  3226 | D:3      | Found a radiant altar of Vehumet.
  3690 | D:4      | Gained mutation: You have a pair of horns on your head.
                  | [demonic ancestry]
  3690 | D:4      | Reached XP level 5. HP: 42/42 MP: 5/5
  3805 | D:4      | Reached skill level 4 in Long Blades
  3919 | D:4      | Found a staircase to the Ecumenical Temple.
  4162 | D:4      | Noticed an ogre
  4173 | D:4      | Killed an ogre
  4174 | D:4      | Reached XP level 6. HP: 17/48 MP: 6/6
  4216 | Temple   | Entered the Ecumenical Temple
  4797 | D:4      | Found a shadowy altar of Dithmenos.
  4936 | D:5      | Entered Level 5 of the Dungeon
  4951 | D:5      | Found Plog's General Store.
  4955 | D:5      | Found Nuirph's Specific Store.
  4964 | D:5      | Bought a potion of heal wounds for 65 gold pieces
  5058 | Temple   | Became a worshipper of Makhleb the Destroyer
  5058 | Temple   | Reached * piety under Makhleb
  5058 | Temple   | Reached ** piety under Makhleb
  5159 | D:5      | Found a sacrificial altar of Ru.
  5172 | D:5      | Reached skill level 5 in Long Blades
  5172 | D:5      | Gained mutation: You have a pair of large horns on your
                  | head. [demonic ancestry]
  5172 | D:5      | Reached XP level 7. HP: 55/55 MP: 7/7
  5222 | D:5      | Found an opulent altar of Gozag.
  5255 | D:5      | Reached skill level 1 in Invocations
  5289 | D:5      | Found a blossoming altar of Fedhas.
  5310 | D:5      | Found a basalt altar of Yredelemnul.
  5486 | D:5      | Noticed Menkaure
  5489 | D:5      | Killed Menkaure
  5756 | D:6      | Reached skill level 5 in Fighting
  5756 | D:6      | Reached XP level 8. HP: 48/62 MP: 8/10
  5838 | D:6      | Reached skill level 6 in Long Blades
  6185 | D:6      | Found Koextoac's Weapon Boutique.
  6393 | D:6      | Reached skill level 5 in Dodging
  6628 | D:7      | Identified a scroll of acquirement
  6628 | D:7      | Acquired a manual of Invocations
  6872 | D:7      | Found a hazy altar of Hepliaklqana.
  6873 | D:7      | Found a shimmering altar of Xom.
  6874 | D:7      | Noticed a spectral ugly thing
  7136 | D:7      | Reached skill level 5 in Invocations
  7139 | D:7      | Reached *** piety under Makhleb
  7140 | D:7      | Gained mutation: You have sharp fingernails. [demonic
                  | ancestry]
  7140 | D:7      | Reached XP level 9. HP: 54/69 MP: 12/12
  7151 | D:7      | Reached skill level 7 in Long Blades
  7443 | D:8      | Noticed Prince Ribbit
  7459 | D:8      | Killed Prince Ribbit
  7473 | D:8      | Noticed a polar bear
  7487 | D:8      | Noticed a harpy
  7487 | D:8      | a polar bear changed into a harpy
  7491 | D:8      | Killed a harpy
  7492 | D:8      | Reached skill level 8 in Long Blades
  7492 | D:8      | Reached skill level 5 in Armour
  7531 | D:8      | Noticed a boulder beetle
  7540 | D:8      | Slain by a boulder beetle

Illustrated notes

Levels and vault maps discovered:
D:1:      heliophobic_arrival_glass_houses, layout_basic
D:2:      layout_basic
D:3:      kennysheep_big_flooded_room, layout_basic,
          mainiacjoe_overflow_alcove_4, trog_three_pillars_becter,
          overflow_temple_1_default, corexii_hall_statues_l,
          minmay_pentomino_pile, uniq_terence, uniq_ijyb
D:4:      layout_basic, kennysheep_little_box, minmay_temple_entry_large_hall
D:5:      layout_cave_pools, mainiacjoe_overflow_paths,
          mainiacjoe_overflow_cross_hatched, nicolae_overflow_crystal_walls,
          hangedman_ru_absence, serial_column_ruins, column_ruins_open_medium,
          column_ruins_columns_straight, column_ruins_open_small,
          column_ruins_corridor_plus, column_ruins_corridor_corner,
          nicolae_specific_store, hangedman_decor_growths, grunt_decor_cap,
          uniq_menkaure
D:6:      layout_loops_ring, nicolae_take_the_stairs, kennysheep_cross_room,
          amcnicky_mini_corridor_feature, roderic_batcave, minmay_crystal_room
D:7:      layout_basic, regret_index_temple_of_mockery
D:8:      layout_loops_cross, mainiacjoe_overflow_surrounded_room,
          lair_entry_dummy, glass_columns_a, uniq_prince_ribbit1
Temple:   jpeg_temple_island

Skill      XL: |  1  2  3  4  5  6  7  8  9 |
---------------+----------------------------+-----
Stealth        | 2 |  2.0
Long Blades    | 3 4 5 6 8 |  8.1
Dodging        | 3 4 5 6 |  6.0
Armour         | 1 2 3 4 5 |  5.1
Fighting       | 4 5 6 |  6.6
Invocations    | 2 5 7 |  7.9

Action                   |  1- 3 |  4- 6 |  7- 9 || total
-------------------------+-------+-------+-------++-------
Melee: Falchion          |    89 |    26 |       ||   115
       Headbutt          |    10 |    22 |    39 ||    71
       Unarmed           |       |    33 |       ||    33
       Long sword        |       |    71 |   157 ||   228
Invok: Lesser Servant of |       |       |     1 ||     1
Evoke: Wand              |       |     2 |       ||     2
  Use: Scroll            |     2 |     1 |     9 ||    12
       Potion            |       |       |     1 ||     1
 Stab: Sleeping          |     4 |       |       ||     4
Armor: Robe              |     9 |       |       ||     9
       Chain mail        |    17 |    48 |    62 ||   127
       Skin              |       |     5 |       ||     5
Dodge: Dodged            |    42 |    32 |    65 ||   139
       Rpst.: Falchion   |    16 |       |       ||    16
       Long sword        |       |     5 |    13 ||    18
